PBL
NIAGARA FALLS PHANTOMS @ TROIS-RIVERES AIGLES
09/04/2048
 
TOP OF THE 1ST
Niagara Falls Phantoms batting - Pitching for Trois-Riveres Aigles : LHP John Sylvester
Pitching: LHP John Sylvester
Batting: RHB Alfredo Mendez 0-0: Ground out 6-3 (Groundball, 6M, EV 87.5 MPH)
Batting: SHB Bruce Shelton 0-0: Ball
1-0: Ground out 2-3 (Groundball, 15S, EV 75.0 MPH)
Batting: RHB Jose Villanueva 0-0: Ball
1-0: Called Strike
1-1: Foul Ball, location: 2F
1-2: Strikes out swinging
Top of the 1st over - 0 runs, 0 hits, 0 errors, 0 left on base; Niagara Falls 0 - Trois-Riveres 0
BOTTOM OF THE 1ST
Trois-Riveres Aigles batting - Pitching for Niagara Falls Phantoms : RHP Toshikazu Miyahara
Pitching: RHP Toshikazu Miyahara
Batting: RHB Luis Jara 0-0: Ball
1-0: Ball
2-0: Called Strike
2-1: Fly out, F8 (Line Drive, 89M, EV 90.6 MPH)
Batting: RHB Sandoval Serzedelo 0-0: Called Strike
0-1: Ball
1-1: Ball
2-1: Ball
3-1: Foul Ball, location: 2F
3-2: Foul Ball, location: 2F
3-2: Foul Ball, location: 2F
3-2: Ground out 5-3 (Groundball, 56S, EV 88.8 MPH)
Batting: RHB Toshikatsu Omori 0-0: SINGLE (Flyball, 78S, EV 88.8 MPH)
Batting: SHB Derek Weaver 0-0: Ball
1-0: Fly out, F5 (Popup, 56S, EV 84.4 MPH)
Bottom of the 1st over - 0 runs, 1 hit, 0 errors, 1 left on base; Niagara Falls 0 - Trois-Riveres 0
TOP OF THE 2ND
Niagara Falls Phantoms batting - Pitching for Trois-Riveres Aigles : LHP John Sylvester
Batting: LHB Victor Reyna 0-0: Called Strike
0-1: Ball
1-1: Ball
2-1: Ball
3-1: Foul Ball, location: 2F
3-2: Fly out, F7 (Flyball, 7, EV 88.8 MPH)
Batting: RHB Bailey Hays 0-0: Ball
1-0: Fly out, F9 (Flyball, 9, EV 96.9 MPH)
Batting: RHB Jonathan Feldstein 0-0: Called Strike
0-1: Foul Ball, location: 2F
0-2: Ball
1-2: Strikes out looking
Top of the 2nd over - 0 runs, 0 hits, 0 errors, 0 left on base; Niagara Falls 0 - Trois-Riveres 0
BOTTOM OF THE 2ND
Trois-Riveres Aigles batting - Pitching for Niagara Falls Phantoms : RHP Toshikazu Miyahara
Batting: RHB Chris Davis 0-0: Ball
1-0: Called Strike
1-1: SINGLE (Line Drive, 6MD, EV 99.4 MPH)
Batting: RHB Micah Logan 0-0: Called Strike
0-1: Ball
1-1: Ball
2-1: Ball
3-1: Called Strike
3-2: Strikes out looking
Batting: RHB Alistair Holmes 0-0: Foul Ball, location: 2F
0-1: Ball
1-1: Fly out, F8 (Flyball, 78M, EV 84.4 MPH)
Batting: RHB Willie Acevedo 0-0: Ball
1-0: Ball
2-0: Fly out, F9 (Flyball, 9, EV 83.1 MPH)
Bottom of the 2nd over - 0 runs, 1 hit, 0 errors, 1 left on base; Niagara Falls 0 - Trois-Riveres 0
TOP OF THE 3RD
Niagara Falls Phantoms batting - Pitching for Trois-Riveres Aigles : LHP John Sylvester
Batting: RHB Ben Underwood 0-0: Ball
1-0: Called Strike
1-1: Foul Ball, location: 2F
1-2: Ball
2-2: Foul Ball, location: 2F
2-2: Strikes out looking
Batting: LHB Dave Ortiz 0-0: Fly out, F8 (Flyball, 8RD, EV 88.1 MPH)
Batting: RHB Juan Perez 0-0: Called Strike
0-1: Called Strike
0-2: Ball
1-2: Foul Ball, location: 2F
1-2: Foul Ball, location: 2F
1-2: Ball
2-2: Ball
3-2: Strikes out swinging
Top of the 3rd over - 0 runs, 0 hits, 0 errors, 0 left on base; Niagara Falls 0 - Trois-Riveres 0
BOTTOM OF THE 3RD
Trois-Riveres Aigles batting - Pitching for Niagara Falls Phantoms : RHP Toshikazu Miyahara
Batting: RHB George Connell 0-0: Swinging Strike
0-1: Ball
1-1: Foul Ball, location: 2F
1-2: Strikes out swinging
Batting: RHB Luis Jara 0-0: Ball
1-0: Foul Ball, location: 2F
1-1: Swinging Strike
1-2: Ball
2-2: Ball
3-2: SINGLE (Groundball, 6, EV 105.0 MPH) (infield hit)
Batting: RHB Sandoval Serzedelo 0-0: Ball
Luis Jara is caught stealing 2nd base 2-4
1-0: Foul Ball, location: 2F
1-1: Foul Ball, location: 2F
1-2: Ball
2-2: Ball
3-2: Fly out, F7 (Flyball, 7, EV 97.5 MPH)
Bottom of the 3rd over - 0 runs, 1 hit, 0 errors, 0 left on base; Niagara Falls 0 - Trois-Riveres 0
TOP OF THE 4TH
Niagara Falls Phantoms batting - Pitching for Trois-Riveres Aigles : LHP John Sylvester
Batting: RHB Alfredo Mendez 0-0: Fly out, F9 (Line Drive, 9, EV 96.9 MPH)
Batting: SHB Bruce Shelton 0-0: Called Strike
0-1: Foul Ball, location: 2F
0-2: Ground out 5-3 (Groundball, 56, EV 83.1 MPH)
Batting: RHB Jose Villanueva 0-0: Called Strike
0-1: Ball
1-1: Ball
2-1: SINGLE (Line Drive, 78S, EV 107.5 MPH)
Batting: LHB Victor Reyna 0-0: SINGLE (Groundball, 4MS, EV 64.4 MPH) (infield hit)
Jose Villanueva to second
Batting: RHB Bailey Hays 0-0: Foul Ball, location: 2F
0-1: Ball
Wild Pitch!
Jose Villanueva to third
Victor Reyna to second
1-1: Called Strike
1-2: Strikes out looking
Top of the 4th over - 0 runs, 2 hits, 0 errors, 2 left on base; Niagara Falls 0 - Trois-Riveres 0
BOTTOM OF THE 4TH
Trois-Riveres Aigles batting - Pitching for Niagara Falls Phantoms : RHP Toshikazu Miyahara
Batting: RHB Toshikatsu Omori 0-0: Ball
1-0: Ball
2-0: Ball
3-0: Base on Balls
Batting: SHB Derek Weaver 0-0: Fielders Choice at 2nd, 4-6 (Groundball, 34, EV 88.8 MPH)
Batting: RHB Chris Davis 0-0: Grounds into double play, 6-4-3 (Groundball, 6, EV 86.2 MPH)
Bottom of the 4th over - 0 runs, 0 hits, 0 errors, 0 left on base; Niagara Falls 0 - Trois-Riveres 0
TOP OF THE 5TH
Niagara Falls Phantoms batting - Pitching for Trois-Riveres Aigles : LHP John Sylvester
Batting: RHB Jonathan Feldstein 0-0: SINGLE (Groundball, 6MD, EV 102.5 MPH)
Batting: RHB Ben Underwood 0-0: Ball
1-0: Called Strike
1-1: Called Strike
1-2: Ball
2-2: Foul Ball, location: 2F
2-2: Hit by Pitch
Jonathan Feldstein to second
Batting: LHB Dave Ortiz 0-0: Foul Ball, location: 2F
0-1: Foul Ball, location: 2F
0-2: Fly out, F2 (Popup, 2R, EV 93.1 MPH)
Batting: RHB Juan Perez 0-0: Called Strike
0-1: Foul Ball, location: 2F
0-2: Strikes out swinging
Batting: RHB Alfredo Mendez 0-0: Ball
1-0: Fly out, F7 (Flyball, 78M, EV 86.2 MPH)
Top of the 5th over - 0 runs, 1 hit, 0 errors, 2 left on base; Niagara Falls 0 - Trois-Riveres 0
BOTTOM OF THE 5TH
Trois-Riveres Aigles batting - Pitching for Niagara Falls Phantoms : RHP Toshikazu Miyahara
Batting: RHB Micah Logan 0-0: Ball
1-0: Ball
2-0: Called Strike
2-1: Ball
3-1: Base on Balls
Batting: RHB Alistair Holmes 0-0: DOUBLE (Line Drive, 89XD, EV 106.2 MPH)
Micah Logan to third
Batting: RHB Willie Acevedo 0-0: Called Strike
0-1: Foul Ball, location: 2F
0-2: Ball
1-2: Ball
2-2: Strikes out swinging
Batting: RHB George Connell 0-0: Ball
1-0: Ball
2-0: Ball
3-0: Base on Balls
Batting: RHB Luis Jara 0-0: Ball
1-0: Called Strike
1-1: Hit by Pitch
Micah Logan scores
Alistair Holmes to third
George Connell to second
Batting: RHB Sandoval Serzedelo 0-0: Called Strike
0-1: Called Strike
0-2: Ball
1-2: Foul Ball, location: 2F
1-2: Foul Ball, location: 2F
1-2: Foul Ball, location: 2F
1-2: Ball
2-2: Fly out, F7 (Flyball, 7, EV 92.5 MPH)
Runner from 3rd tags up, SCORES, throw by LF
Batting: RHB Toshikatsu Omori 0-0: Ball
1-0: Foul Ball, location: 2F
1-1: Swinging Strike
1-2: Ball
2-2: Ground out 4-3 (Groundball, 4, EV 85.6 MPH)
Bottom of the 5th over - 2 runs, 1 hit, 0 errors, 2 left on base; Niagara Falls 0 - Trois-Riveres 2
TOP OF THE 6TH
Niagara Falls Phantoms batting - Pitching for Trois-Riveres Aigles : LHP John Sylvester
Batting: SHB Bruce Shelton 0-0: Swinging Strike
0-1: Ground out 1-3 (Groundball, 13S, EV 73.1 MPH)
Batting: RHB Jose Villanueva 0-0: Ball
1-0: Ball
2-0: Called Strike
2-1: Swinging Strike
2-2: Ground out 6-3 (Groundball, 6, EV 83.8 MPH)
Batting: LHB Victor Reyna 0-0: Ball
1-0: Ball
2-0: Swinging Strike
2-1: Foul Ball, location: 2F
2-2: Ball
3-2: Ground out 6-3 (Groundball, 6, EV 106.2 MPH)
Top of the 6th over - 0 runs, 0 hits, 0 errors, 0 left on base; Niagara Falls 0 - Trois-Riveres 2
BOTTOM OF THE 6TH
Trois-Riveres Aigles batting - Pitching for Niagara Falls Phantoms : RHP Toshikazu Miyahara
Batting: SHB Derek Weaver 0-0: Called Strike
0-1: Foul Ball, location: 2F
0-2: Ball
1-2: Strikes out swinging
Batting: RHB Chris Davis 0-0: Called Strike
0-1: Foul Ball, location: 2F
0-2: Strikes out looking
Batting: RHB Micah Logan 0-0: Foul Ball, location: 2F
0-1: Swinging Strike
0-2: Ball
1-2: Ground out U3 (Groundball, 34S, EV 66.2 MPH)
Bottom of the 6th over - 0 runs, 0 hits, 0 errors, 0 left on base; Niagara Falls 0 - Trois-Riveres 2
TOP OF THE 7TH
Niagara Falls Phantoms batting - Pitching for Trois-Riveres Aigles : LHP John Sylvester
Pinch Hitting: RHB Todd Wolters 0-0: Ball
1-0: Ground out 5-3 (Groundball, 56, EV 97.5 MPH)
Batting: RHB Jonathan Feldstein 0-0: Foul Ball, location: 2F
0-1: Ball
1-1: Fly out, F9 (Flyball, 9LMF, EV 86.9 MPH)
Batting: RHB Ben Underwood 0-0: Foul Ball, location: 2F
0-1: Ball
1-1: Ball
2-1: Foul Ball, location: 2F
2-2: Fly out, F8 (Flyball, 8LM, EV 85.0 MPH)
Top of the 7th over - 0 runs, 0 hits, 0 errors, 0 left on base; Niagara Falls 0 - Trois-Riveres 2
BOTTOM OF THE 7TH
Trois-Riveres Aigles batting - Pitching for Niagara Falls Phantoms : RHP Toshikazu Miyahara
Now in LF: Luis Ponce
Batting: RHB Alistair Holmes 0-0: Called Strike
0-1: Ball
1-1: Foul Ball, location: 2F
1-2: Foul Ball, location: 2F
1-2: Fly out, F9 (Flyball, 9, EV 88.8 MPH)
Batting: RHB Willie Acevedo 0-0: Ball
1-0: Called Strike
1-1: Ball
2-1: Ground out 5-3 (Groundball, 56, EV 82.5 MPH)
Batting: RHB George Connell 0-0: Hit by Pitch
Batting: RHB Luis Jara 0-0: Ball
1-0: Foul Ball, location: 2F
1-1: SINGLE (Groundball, 56S, EV 64.4 MPH) (infield hit)
George Connell to second
Pitching: RHP Ki-tae Lee
Pinch Runner at 1st Ian Cranton:
Batting: RHB Sandoval Serzedelo 0-0: Swinging Strike
0-1: Foul Ball, location: 2F
0-2: Ball
1-2: Strikes out swinging
Bottom of the 7th over - 0 runs, 1 hit, 0 errors, 2 left on base; Niagara Falls 0 - Trois-Riveres 2
TOP OF THE 8TH
Niagara Falls Phantoms batting - Pitching for Trois-Riveres Aigles : LHP John Sylvester
Now at SS: Ben Saxton
Batting: LHB Dave Ortiz 0-0: Ball
1-0: Swinging Strike
1-1: Swinging Strike
1-2: Foul Ball, location: 2F
1-2: Ball
2-2: Strikes out swinging
Pinch Hitting: RHB Jim O'Dwyer 0-0: Called Strike
0-1: Ball
1-1: Ball
2-1: Ball
3-1: Fly out, F7 (Flyball, 7, EV 91.9 MPH)
Batting: RHB Alfredo Mendez 0-0: Called Strike
0-1: Ball
1-1: Called Strike
1-2: Ball
2-2: Fly out, F4 (Popup, 4D, EV 65.6 MPH)
Top of the 8th over - 0 runs, 0 hits, 0 errors, 0 left on base; Niagara Falls 0 - Trois-Riveres 2
BOTTOM OF THE 8TH
Trois-Riveres Aigles batting - Pitching for Niagara Falls Phantoms : RHP Ki-tae Lee
Now at SS: Brian Biordi
Batting: RHB Toshikatsu Omori 0-0: Called Strike
0-1: Ball
1-1: Swinging Strike
1-2: Foul Ball, location: 2F
1-2: Strikes out swinging
Batting: SHB Derek Weaver 0-0: Ball
1-0: Called Strike
1-1: Fly out, F7 (Flyball, 78M, EV 96.2 MPH)
Batting: RHB Chris Davis 0-0: Called Strike
0-1: Foul Ball, location: 2F
0-2: Strikes out swinging
Bottom of the 8th over - 0 runs, 0 hits, 0 errors, 0 left on base; Niagara Falls 0 - Trois-Riveres 2
TOP OF THE 9TH
Niagara Falls Phantoms batting - Pitching for Trois-Riveres Aigles : LHP John Sylvester
Pitching: RHP Steve Rennecker
Now in RF: Gilbert Hoareau
Batting: SHB Bruce Shelton 0-0: Ball
1-0: Ball
2-0: Ball
3-0: Called Strike
3-1: Base on Balls
Batting: RHB Jose Villanueva 0-0: 2-RUN HOME RUN (Flyball, 9LD, EV 94.4 MPH), Distance : 384 ft
Batting: LHB Victor Reyna 0-0: Called Strike
0-1: Ball
1-1: Ball
2-1: Foul Ball, location: 2F
2-2: Fly out, F9 (Line Drive, 9LM, EV 93.8 MPH)
Batting: LHB Luis Ponce 0-0: Called Strike
0-1: DOUBLE (Line Drive, 5D, EV 99.4 MPH)
Batting: RHB Jonathan Feldstein 0-0: Ball
Luis Ponce is caught stealing 3rd base 2-5
1-0: Foul Ball, location: 2F
1-1: Foul Ball, location: 2F
1-2: Ball
2-2: Fly out, F8 (Flyball, 8RM, EV 71.2 MPH)
Top of the 9th over - 2 runs, 2 hits, 0 errors, 0 left on base; Niagara Falls 2 - Trois-Riveres 2
BOTTOM OF THE 9TH
Trois-Riveres Aigles batting - Pitching for Niagara Falls Phantoms : RHP Ki-tae Lee
Pinch Hitting: LHB Jonathan Watt 0-0: Foul Ball, location: 2F
0-1: Called Strike
0-2: Ball
1-2: Foul Ball, location: 2F
1-2: Strikes out swinging
Pinch Hitting: RHB Danny Mota 0-0: Ball
1-0: Foul Ball, location: 2F
1-1: Ball
2-1: Foul Ball, location: 2F
2-2: Strikes out swinging
Pinch Hitting: RHB Gabe Wilcoxon 0-0: Foul Ball, location: 2F
0-1: Called Strike
0-2: Strikes out swinging
Bottom of the 9th over - 0 runs, 0 hits, 0 errors, 0 left on base; Niagara Falls 2 - Trois-Riveres 2
TOP OF THE 10TH
Niagara Falls Phantoms batting - Pitching for Trois-Riveres Aigles : RHP Steve Rennecker
Pitching: RHP Vince Martinez
Now at 3B: Jeff Standridge
Now in CF: Cody Gebo
Now in RF: Gabe Wilcoxon
Batting: RHB Ben Underwood 0-0: Ball
1-0: Ball
2-0: Ball
3-0: Base on Balls
Batting: LHB Dave Ortiz 0-0: Bunted foul
0-1: Sac Bunt to 23 - play at first, batter OUT! 3-4
Ben Underwood to second
Batting: RHB Brian Biordi 0-0: Swinging Strike
0-1: SINGLE (Groundball, 56D, EV 105.0 MPH)
Ben Underwood to third
Runner from 3rd tries for Home, SAFE, throw by LF to home
Batting: RHB Alfredo Mendez 0-0: Ball
1-0: SINGLE (Line Drive, 8RS, EV 98.1 MPH)
Brian Biordi to second
Batting: SHB Bruce Shelton 0-0: Swinging Strike
0-1: Foul Ball, location: 2F
0-2: Ball
1-2: Strikes out swinging
Batting: RHB Jose Villanueva 0-0: Called Strike
0-1: Ball
1-1: DOUBLE (Line Drive, 78D, EV 106.9 MPH)
Brian Biordi scores
Alfredo Mendez to third
Batting: LHB Victor Reyna 0-0: Ball
Wild Pitch!
Alfredo Mendez scores
Jose Villanueva to third
1-0: Called Strike
1-1: Ball
2-1: Foul Ball, location: 2F
2-2: Ground out 5-3 (Groundball, 56, EV 85.6 MPH)
Top of the 10th over - 3 runs, 3 hits, 0 errors, 1 left on base; Niagara Falls 5 - Trois-Riveres 2
BOTTOM OF THE 10TH
Trois-Riveres Aigles batting - Pitching for Niagara Falls Phantoms : RHP Ki-tae Lee
Pitching: LHP Brendan Thompson
Now at 2B: Hui Li
Pinch Hitting: RHB Joel Wittmier 0-0: Foul Ball, location: 2F
0-1: SINGLE (Line Drive, 3D, EV 100.6 MPH)
Pinch Hitting: RHB Roy Johnson 0-0: Foul Ball, location: 2F
0-1: Foul Ball, location: 2F
0-2: Strikes out swinging
Batting: RHB Sandoval Serzedelo 0-0: Called Strike
0-1: Fly out, F5 (Popup, 5F, EV 64.4 MPH)
Batting: RHB Toshikatsu Omori 0-0: Ball
1-0: Ball
2-0: Ball
3-0: Called Strike
3-1: Base on Balls
Joel Wittmier to second
Batting: SHB Derek Weaver 0-0: Foul Ball, location: 2F
0-1: Foul Ball, location: 2F
0-2: Ball
1-2: Strikes out swinging
Bottom of the 10th over - 0 runs, 1 hit, 0 errors, 2 left on base; Niagara Falls 5 - Trois-Riveres 2
Tuesday, March 28th , 2023 - OOTP Baseball 23.10 Build 110